 Dungeon Crawl Stone Soup version 0.29-a0-323-g050149af67 (webtiles) character file.

Game seed: 11839372398092366284

3 PostStallone the Chopper (level 1, 0/20 HPs)
             Began as a Minotaur Berserker on Apr 12, 2022.
             Was a Follower of Trog.
             Frozen to death by an endoplasm (2 damage)
             ... on level 1 of the Dungeon.
             The game lasted 00:00:24 (36 turns).

PostStallone the Chopper (Minotaur Berserker)         Turns: 36, Time: 00:00:25

Health: 0/20       AC:  2    Str: 21    XL:     1   Next: 41%
Magic:  0/0        EV: 12    Int:  4    God:    Trog [*.....]
Gold:   0          SH:  0    Dex:  9    Spells: 0/0 levels left

rFire   . . .      SeeInvis .   a - +0 hand axe
rCold   . . .      Faith    .   (no shield)
rNeg    . . .      Spirit   .   b - +0 animal skin
rPois   .          Reflect  .   (helmet restricted)
rElec   .          Harm     .   (no cloak)
rCorr   .          Rampage  .   (no gloves)
Will    .....                   (no boots)
Stlth   +.........              (no amulet)
HPRegen 0.06/turn               (no ring)
MPRegen 0.07/turn               (no ring)

@: no status effects
A: horns 2, retaliatory headbutt
a: Renounce Religion, Berserk


You were on level 1 of the Dungeon.
You worshipped Trog.
Trog was aware of your devotion.
You visited 1 branch of the dungeon, and saw 1 of its levels.

Inventory:

Hand Weapons
 a - a +0 hand axe (weapon)
Armour
 b - a +0 animal skin (worn)


   Skills:
 + Level 3.7 Fighting
 + Level 3.7 Axes
 + Level 2.4 Armour
 + Level 2.2 Dodging


You couldn't memorise any spells.
You didn't know any spells.
Your spell library was empty.

Dungeon Overview and Level Annotations

Branches:
Dungeon (1/15)

Altars:


Innate Abilities, Weirdness & Mutations

You have a pair of horns on your head.
You reflexively headbutt those who attack you in melee.


Message History

An endoplasm comes into view.
The kobold shouts!
The endoplasm quivers.
You closely miss the kobold. Your headbutt misses the kobold.
You barely miss the goblin. The kobold misses you.
The goblin hits you but does no damage.
You hit the kobold.
The kobold is heavily wounded.
You barely miss the endoplasm. You hit the goblin.
The goblin hits you but does no damage. The kobold closely misses you.
The endoplasm barely misses you.
You hit the kobold.
You kill the kobold!
Trog accepts your kill.
You hit the endoplasm but do no damage. You hit the goblin.
You kill the goblin!
Trog accepts your kill. The endoplasm hits you.
A kobold comes into view. It is wielding a +0 short sword.
The endoplasm hits you but does no damage.
You see here a +0 short sword.
The endoplasm hits you. The endoplasm attacks as you move away!
The endoplasm hits you.
The kobold hits you with a +0 short sword.
You completely miss the kobold. You hit the endoplasm.
The kobold hits you with a +0 short sword.
The endoplasm freezes you.
You are frozen.
You closely miss the kobold. Your headbutt misses the kobold.
You hit the endoplasm. The kobold barely misses you. The endoplasm freezes you.
You are frozen.
* * * LOW HITPOINT WARNING * * *
You hit the kobold.
You kill the kobold!
Trog accepts your kill.
You hit the endoplasm but do no damage. The endoplasm closely misses you.
The endoplasm freezes you.
You are frozen.
You die...

#.....#..#
#.....#..# #
#....)##.#.#
#.....##...#
######).....#
#......###..#
#......#### #
#.........#
#.....@J..#...
######........
#....#...
#....# ..
###### .


You could see an endoplasm.

Vanquished Creatures
  A goblin (D:1)
  2 kobolds (D:1)
3 creatures vanquished.

Notes
Turn   | Place    | Note
-------+----------+-------------------------------------------
     0 | D:1      | PostStallone the Minotaur Berserker began the quest for the
                  | Orb.
     0 | D:1      | Reached XP level 1. HP: 19/19 MP: 0/0
    36 | D:1      | Frozen to death by an endoplasm

Illustrated notes

Levels and vault maps discovered:
D:1:      scummos_arrival_simple_crosswalls, layout_basic

Action                   || total
-------------------------++-------
Melee: Hand axe          ||     6
Armor: Animal skin       ||     3
Dodge: Dodged            ||     6

Table legend: (Time is in decaauts)
 A = Elapsed time spent in this place.
 B = Non-inter-level travel time spent in this place.
 C = Inter-level travel time spent in this place.
 D = Time resting spent in this place.
 E = Time spent auto-exploring this place.
 F = Levels seen in this place.
 G = Mean time per level.
                   A        B        C        D        E       F      G
               +--------+--------+--------+--------+--------+-----+--------+
         Total |     36 |     36 |      0 |      0 |      0 |   1 |   36.0 |
       Dungeon |     36 |     36 |      0 |      0 |      0 |   1 |   36.0 |
               +--------+--------+--------+--------+--------+-----+--------+

Top non-repeatable levels by time:
     D:1: 36 daAuts
